AoeStats
← Larri with a Y

Arena

509433345Analyzed
3v3 RM · 4d ago on Sep 26, 2026· 52m 5s· 6 players
Game mode
Random Map
Map size
Normal (6 player)
Population
200
Speed
Normal
Resources
Standard
Victory
Conquest
Starting age
Dark Age
Ending age
Imperial Age
RankedLock teamsTeams togetherTeam positionsShared explorationLock speedFull tech treeHidden civsTurbo modeCheats
Victory
Defeat
🇸🇮 Franks · Slovenia
865
+13
🇸🇮 Wu · Slovenia
854
+14
🇸🇮 Goths · Slovenia
833
+14
🇵🇱 Huns · Poland
813
-14
🇩🇪 Persians · Germany
809
-14
🇨🇦 Dravidians · Canada
780
-13
Exalted Panda69
12:38 Feudal Age
13:46 Double-Bit Axe
13:43 Horse Collar
22:19 Castle Age
21:03 Man-at-Arms
22:58 Forging
23:26 Heavy Plow
23:47 Bow Saw
24:38 Squires
24:25 Gambesons
24:48 Long Swordsman
27:25 Wheelbarrow
27:55 Iron Casting
27:23 Scale Mail Armor
36:18 Pikeman
40:07 Elite Skirmisher
46:01 Chain Mail Armor
50:36 Imperial Age
51:16 Murder Holes
Osiedlowy wariacik
12:57 Feudal Age
19:22 Castle Age
37:56 Imperial Age
36:13 Padded Archer Armor
36:03 Fletching
36:24 Scale Barding Armor
43:58 Chemistry
48:56 Parthian Tactics
47:52 Heavy Cavalry Archer
Hellmut
4:53 Loom
11:07 Feudal Age
10:18 Loom
13:10 Loom
14:23 Loom
15:33 Loom
17:53 Castle Age
15:51 Loom
16:31 Double-Bit Axe
16:28 Horse Collar
17:42 Stone Mining
19:57 Wheelbarrow
21:14 Loom
22:36 Bow Saw
22:29 Heavy Plow
25:25 Town Watch
29:19 Scale Barding Armor
30:08 Hand Cart
31:08 Town Patrol
34:04 Kamandaran
34:13 Fletching
34:37 Forging
36:07 Caravan
36:32 Thumb Ring
36:49 Crossbowman
38:56 Chain Barding Armor
40:05 Crossbowman
44:30 Imperial Age
42:02 Gold Mining
42:51 Stone Shaft Mining
43:27 Bodkin Arrow
43:33 Padded Archer Armor
43:35 Scale Mail Armor
44:11 Iron Casting
44:38 Gold Shaft Mining
44:16 Gambesons
43:52 Man-at-Arms
44:33 Squires
44:18 Arson
45:28 Conscription
44:45 Pikeman
45:23 Long Swordsman
48:15 Halberdier
49:25 Bloodlines
49:16 Husbandry
49:17 Heavy Camel Rider
Macolar
12:13 Feudal Age
12:39 Double-Bit Axe
17:33 Castle Age
15:57 Gold Mining
17:10 Stone Mining
18:13 Wheelbarrow
18:40 Bow Saw
21:54 Gold Shaft Mining
22:26 Wheelbarrow
22:18 Forging
24:40 Iron Casting
23:41 Pikeman
28:33 Scale Barding Armor
28:23 Loom
35:34 Imperial Age
33:53 Chain Barding Armor
35:18 Husbandry
35:47 Hand Cart
35:41 Cavalier
37:24 Blast Furnace
38:21 Plate Barding Armor
37:48 Town Watch
39:24 Paladin
40:07 Halberdier
41:04 Scale Mail Armor
41:29 Caravan
42:13 Murder Holes
43:21 Town Patrol
43:45 Ballistics
47:05 Chivalry
47:28 Conscription
47:11 Chivalry
Merjasec
11:01 Feudal Age
12:23 Double-Bit Axe
13:20 Loom
16:57 Castle Age
14:41 Horse Collar
16:35 Stone Mining
16:42 Gold Mining
19:00 Bow Saw
19:57 Fervor
22:15 Scale Barding Armor
24:10 Fletching
25:22 Padded Archer Armor
28:12 Heavy Plow
29:47 Town Watch
30:45 Wheelbarrow
33:44 Imperial Age
31:36 Bodkin Arrow
32:03 Town Watch
32:13 Crossbowman
32:13 Elite Skirmisher
33:29 Red Cliffs Tactics
34:04 Hand Cart
34:37 Leather Archer Armor
34:33 Forging
35:48 Conscription
35:31 Sitting Tiger
35:38 Sitting Tiger
35:07 Pikeman
35:48 Squires
37:14 Town Patrol
38:16 Bracer
40:25 Ballistics
40:00 Murder Holes
41:07 Chemistry
40:11 Elite Fire Archer
40:18 Elite Fire Archer
41:13 Halberdier
45:02 Scale Mail Armor
48:35 Caravan
Larri with a Y
7:48 Loom
11:46 Feudal Age
12:40 Double-Bit Axe
17:14 Castle Age
16:40 Padded Archer Armor
18:35 Leather Archer Armor
23:05 Pikeman
23:46 Squires
23:38 Town Watch
23:48 Horse Collar
25:31 Man-at-Arms
27:02 Wheelbarrow
25:53 Man-at-Arms
25:59 Elite Skirmisher
28:12 Town Patrol
29:27 Hand Cart
29:17 Long Swordsman
36:03 Imperial Age
33:47 Crossbowman
37:45 Anarchy
37:46 Perfusion
37:59 Gold Mining
38:44 Conscription
38:04 Halberdier
39:15 Bow Saw
40:57 Chemistry
40:19 Ballistics
39:57 Murder Holes
40:22 Scale Mail Armor
40:33 Forging
40:29 Scale Barding Armor
40:54 Ring Archer Armor
40:15 Fletching
42:04 Stone Mining
42:16 Heavy Plow
43:19 Two-Man Saw
43:25 Two-Handed Swordsman
45:12 Iron Casting
45:08 Caravan
46:55 Champion
49:57 Chain Mail Armor
50:42 Blast Furnace
Connection lost

Rejoining the realm…

Still unreachable

The connection could not be restored.

Session expired

The server has moved on; the page needs a fresh start.